 Dungeon Crawl Stone Soup version 0.29.1-13-g9f3cf754e1 (webtiles) character file.

Game seed: 17635994895867232613

2258 growler the Fighter (level 9, -11/112 HPs)
             Began as a Demonspawn Wanderer on Jan 23, 2023.
             Was an Initiate of Gozag.
             Mangled by Menkaure (18 damage)
             ... on level 7 of the Dungeon.
             The game lasted 00:24:07 (9805 turns).

growler the Fighter (Demonspawn Wanderer)           Turns: 9805, Time: 00:24:07

Health: -11/112    AC: -1    Str: 15    XL:     9   Next: 15%
Magic:  9/9        EV: 12    Int: 11    God:    Gozag
Gold:   617        SH:  0    Dex: 17    Spells: 8/8 levels left

rFire   . . .      SeeInvis .   o - +1 dagger (venom)
rCold   . . .      Faith    .   (no shield)
rNeg    . . .      Spirit   .   f - +0 robe
rPois   .          Reflect  .   l - +0 helmet
rElec   .          Harm     .   (no cloak)
rCorr   .          Rampage  .   i - +0 pair of gloves
Will    .....                   (no boots)
Stlth   ..........              (no amulet)
HPRegen 0.28/turn               (no ring)
MPRegen 0.11/turn               (no ring)

@: berserking, corroded, gold aura, very quick
A: yellow scales 2
a: Renounce Religion, Potion Petition, Call Merchant, Bribe Branch


You were on level 7 of the Dungeon.
You worshipped Gozag.
Gozag was pleased with you.
You visited 2 branches of the dungeon, and saw 8 of its levels.

You collected 663 gold pieces.
You paid 46 gold pieces to Gozag.

Inventory:

Hand Weapons
 o - a +1 dagger of venom (weapon)
Missiles
 c - 6 boomerangs (quivered)
 h - 10 poisoned darts
 y - 2 throwing nets
Armour
 f - a +0 robe (worn)
 i - a +0 pair of gloves (worn)
 l - a +0 helmet (worn)
Jewellery
 a - an amulet of guardian spirit
 g - a ring of positive energy
 C - a ring of protection from fire
 D - a +6 ring of dexterity
Wands
 d - a wand of mindburst (6)
Scrolls
 e - a scroll of teleportation
 m - a scroll of fog
 n - a scroll of noise {unknown}
 u - a scroll of blinking {unknown}
 v - a scroll of vulnerability {unknown}
 w - 2 scrolls of amnesia {unknown}
 A - a scroll of magic mapping {unknown}
 B - a scroll of identify
Potions
 b - 5 potions of curing
 j - 3 potions of resistance
 k - 2 potions of haste {unknown}
 p - a potion of might
 r - 4 potions of lignification {unknown}
 t - a potion of flight {unknown}
 x - a potion of degeneration {unknown}
 z - a potion of brilliance {unknown}


   Skills:
 + Level 8.6 Fighting
 + Level 8.1 Throwing
 - Level 1.0 Dodging
 - Level 3.6 Unarmed Combat
 - Level 3.0 Evocations


You had 8 spell levels left.
You didn't know any spells.
Your spell library contained the following spells:

 Spells                   Type           Power      Damage    Failure   Level
 Necrotise                Necr           0%         1d4       34%         1
 Vampiric Draining        Necr           0%         2d6       71%         3
 Agony                    Necr           0%         N/A       100%        5


Dungeon Overview and Level Annotations

Branches:
Dungeon (7/15)             Temple (1/1) D:5

Altars:
Ashenzari
Cheibriados
Dithmenos
Fedhas
Gozag
Hepliaklqana
Makhleb
Nemelex Xobeh
Okawaru
Ru
Sif Muna
Trog
Uskayaw
Vehumet
Wu Jian
Xom
Yredelemnul

Annotations:
D:7 Maggie, Menkaure


Innate Abilities, Weirdness & Mutations

You are mostly covered in yellow scales. (AC +3)


Message History

* * * LOW HITPOINT WARNING * * *
A red film seems to cover your vision as you go berserk!
You feel yourself moving faster!
You feel mighty! The jelly misses you.
You hit the jelly.
You kill the jelly!
Menkaure hits you!
* * * LOW HITPOINT WARNING * * *
Unknown command.
Okay, then.
You hit Menkaure.
Menkaure is lightly damaged.
You hit Menkaure but do no damage.
Menkaure is lightly damaged.
Menkaure casts a spell.
Menkaure seems to speed up.
You barely miss Menkaure.
Menkaure is lightly damaged.
Menkaure barely misses you.
You hit Menkaure but do no damage.
Menkaure is lightly damaged.
Menkaure closely misses you.
You hit Menkaure.
Menkaure is lightly damaged.
You hit Menkaure.
Menkaure is moderately damaged.
Menkaure closely misses you.
You barely miss Menkaure.
Menkaure is moderately damaged.
Menkaure barely misses you.
You hit Menkaure but do no damage. You punch Menkaure, but do no damage.
Menkaure is moderately damaged.
Menkaure sighs in an indecipherable tongue.
Menkaure calls on the powers of darkness!
Your body is wracked with pain!
* * * LOW HITPOINT WARNING * * *
You hit Menkaure.
Menkaure is heavily damaged.
Menkaure hits you!!
You die...
Your body crumbles into a pile of gold.

...... ## #...
...... ##.
.####...#
......######...
........#
#..............
......#
#............#
......##
.........[.#
#......## #.?..#
#........ ##...###
####....#
##....####.@$..###
##.........M###
############


You could see Menkaure (fast).

Vanquished Creatures
  Eustachio (D:5)
  A water moccasin (D:6)
  2 ice beasts
  3 black bears
  An ogre (D:5)
  A centaur (D:7)
  2 kobold brigands
  A bullfrog (D:6)
  3 scorpions
  2 necrophages
  4 killer bees (D:7)
  3 jellies
  3 electric eels (D:6)
  A howler monkey (D:5)
  An orc priest (D:6)
  3 hounds
  2 iguanas
  5 orc wizards
  2 adders
  2 gnolls (D:7)
  A white imp (D:7)
  3 worms
  2 dart slugs
  10 orcs
  8 endoplasms
  6 giant cockroaches
  6 goblins
  7 hobgoblins
  19 jackals
  5 quokkas
  10 ball pythons
  4 bats
  5 frilled lizards
  26 kobolds
  10 rats
165 creatures vanquished.

Vanquished Creatures (others)
  An orc (D:6)
  47 plants
48 creatures vanquished.

Grand Total: 213 creatures vanquished

Notes
Turn   | Place    | Note
-------+----------+-------------------------------------------
     0 | D:1      | growler the Demonspawn Wanderer began the quest for the
                  | Orb.
     0 | D:1      | growler set off with the following items: a +0 dagger, a
                  | potion of curing, 10 boomerangs, a wand of mindburst (15),
                  | a scroll of teleportation, a +0 robe.
     0 | D:1      | Reached XP level 1. HP: 13/13 MP: 1/1
    50 | D:1      | Reached skill level 1 in Fighting
    52 | D:1      | Gained mutation: You are partially covered in yellow
                  | scales. (AC +2) [demonic ancestry]
    52 | D:1      | Reached XP level 2. HP: 5/21 MP: 2/2
  1181 | D:1      | Reached XP level 3. HP: 27/27 MP: 3/3
  1752 | D:2      | Reached XP level 4. HP: 17/34 MP: 4/4
  2947 | D:3      | Found a faded altar of an unknown god.
  3264 | D:3      | Gained mutation: You are mostly covered in yellow scales.
                  | (AC +3) [demonic ancestry]
  3264 | D:3      | Reached XP level 5. HP: 14/41 MP: 5/5
  3869 | D:4      | Noticed a black bear
  4439 | D:4      | Reached XP level 6. HP: 48/48 MP: 6/6
  5305 | D:5      | Entered Level 5 of the Dungeon
  5385 | D:5      | Noticed Eustachio
  5393 | D:5      | Killed Eustachio
  5394 | D:5      | Reached skill level 5 in Fighting
  5394 | D:5      | Reached skill level 5 in Throwing
  5394 | D:5      | Reached XP level 7. HP: 56/56 MP: 7/7
  5594 | D:5      | Found a staircase to the Ecumenical Temple.
  5608 | Temple   | Entered the Ecumenical Temple
  5759 | Temple   | Became a worshipper of Gozag Ym Sagoz the Greedy
  5955 | D:5      | Identified the +5 chain mail of Terror {rPois rC- Will+}
  6059 | D:5      | Found a snail-covered altar of Cheibriados.
  6091 | D:5      | Reached XP level 8. HP: 61/65 MP: 8/8
  8742 | D:7      | Reached XP level 9. HP: 68/74 MP: 9/9
  9773 | D:7      | Noticed Maggie
  9786 | D:7      | Noticed Menkaure
  9805 | D:7      | Mangled by Menkaure

Illustrated notes

Levels and vault maps discovered:
D:1:      tarquinn_simple_flora_water_f, layout_basic
D:2:      layout_loops_ring
D:3:      layout_basic, shapermc_ecumenical_altar_starsandcircs
D:4:      layout_layer_cave, st_stairs_4, nrook_mini_backslash
D:5:      layout_basic, mainiacjoe_overflow_cross_hatched,
          minmay_temple_entry_sparse_star, minivault_14,
          lexackson_kobold_supper, uniq_eustachio
D:6:      layout_loops_ring, cheibrodos_sewer_entry_drain, serial_bayou_lagoon_b
D:7:      layout_layer_cave, nicolae_ossuary_entry_catacombs, serial_glass,
          glass_columns_a, glass_columns_a, uniq_menkaure, uniq_maggie
Temple:   compressed_dpeg_triangle_lava_temple

Skill      XL: |  1  2  3  4  5  6  7  8  9 |
---------------+----------------------------+-----
Throwing       | 2 3 4 5 6 7 8 |  8.1
Fighting       | 1 2 3 4 5 6 8 |  8.6
Dodging        | |  1.0
Unarmed Combat | |  3.6
Evocations     | |  3.0

Action                   |  1- 3 |  4- 6 |  7- 9 || total
-------------------------+-------+-------+-------++-------
Melee: Dagger            |   205 |   169 |   250 ||   624
       Punch             |     8 |    13 |     7 ||    28
Throw: Boomerang         |       |    40 |    64 ||   104
       Dart              |       |       |     1 ||     1
Evoke: Wand              |       |       |     9 ||     9
  Use: Scroll            |       |     4 |     3 ||     7
       Potion            |       |       |     4 ||     4
 Stab: Distracted        |     1 |       |     1 ||     2
       Sleeping          |       |     2 |       ||     2
Armor: Robe              |    67 |    62 |    75 ||   204
Dodge: Dodged            |   151 |   129 |   170 ||   450
